AoeStats
← sneakjacks0n

Arabia

509238601Analyzed
2v2 RM · 6d ago on Sep 26, 2026· 52m 54s· 4 players
Game mode
Random Map
Map size
Medium (4 player)
Population
200
Speed
Normal
Resources
Standard
Victory
Conquest
Starting age
Dark Age
Ending age
Imperial Age
RankedLock teamsTeams togetherTeam positionsShared explorationLock speedFull tech treeHidden civsTurbo modeCheats
Victory
Defeat
🇺🇸 Mongols · United States
924
+13
🇺🇸 Saxons · United States
922
+13
🇺🇸 Danes · United States
850
-13
🇺🇸 Vietnamese · United States
847
-13
sneakjacks0n
6:51 Loom
7:04 Loom
9:18 Feudal Age
7:38 Loom
10:05 Double-Bit Axe
11:35 Man-at-Arms
13:30 Arson
15:44 Horse Collar
18:01 Stone Mining
22:21 Castle Age
23:02 Scale Mail Armor
23:18 Bow Saw
23:14 Heavy Plow
22:43 Pikeman
23:30 Squires
23:17 Gambesons
27:27 Murder Holes
30:13 Long Swordsman
34:45 Forging
35:55 Stone Shaft Mining
37:24 Iron Casting
37:13 Chain Mail Armor
43:07 Imperial Age
41:30 Fletching
43:10 Bodkin Arrow
43:31 Two-Handed Swordsman
44:50 Conscription
43:55 Northmen's Fury
46:20 Blast Furnace
45:20 Capped Ram
45:29 Champion
46:11 Siege Ram
49:47 Siege Engineers
nomadiccoder
8:30 Loom
11:26 Feudal Age
13:43 Double-Bit Axe
17:03 Horse Collar
21:27 Castle Age
20:04 Fletching
21:03 Padded Archer Armor
22:14 Crossbowman
23:19 Town Watch
23:56 Bow Saw
23:41 Gold Mining
25:51 Bodkin Arrow
26:12 Leather Archer Armor
26:42 Ballistics
26:41 Leather Archer Armor
29:35 Thumb Ring
36:14 Murder Holes
37:51 Town Patrol
38:32 Treadmill Crane
38:45 Stone Mining
39:55 Elite Skirmisher
Spar27
2:40 Loom
5:23 Loom
9:09 Feudal Age
10:14 Double-Bit Axe
12:14 Wheelbarrow
20:10 Castle Age
20:53 Horse Collar
23:51 Fletching
24:02 Scale Mail Armor
26:11 Bodkin Arrow
26:33 Chain Mail Armor
27:24 Gold Mining
30:05 Forging
32:40 Bow Saw
36:59 Imperial Age
37:20 Iron Casting
37:15 Capped Ram
37:45 Elite Hearth Troop
43:34 Redemption
44:53 Bracer
45:57 Chemistry
45:18 Ballistics
47:44 Conscription
47:31 Crossbowman
48:18 Thumb Ring
48:34 Hand Cart
48:12 Arbalester
49:50 Plate Mail Armor
50:57 Shield Wall
Spar27
10:14 Feudal Age
9:30 Loom
18:29 Castle Age
16:31 Double-Bit Axe
16:47 Horse Collar
17:33 Fletching
23:36 Wheelbarrow
25:19 Bow Saw
26:50 Bodkin Arrow
29:29 Ballistics
30:12 Thumb Ring
32:32 Padded Archer Armor
33:20 Hand Cart
32:51 Town Watch
33:29 Husbandry
33:40 Bloodlines
35:10 Heavy Plow
36:08 Gold Mining
36:08 Stone Mining
36:41 Masonry
40:30 Imperial Age
42:12 Chemistry
41:40 Parthian Tactics
41:50 Bracer
43:10 Gold Shaft Mining
43:43 Town Patrol
44:28 Conscription
44:50 Siege Engineers
45:04 Leather Archer Armor
48:01 Heavy Cavalry Archer
48:17 Onager
48:21 Elite Mangudai
49:29 Drill
Connection lost

Rejoining the realm…

Still unreachable

The connection could not be restored.

Session expired

The server has moved on; the page needs a fresh start.